 Dungeon Crawl Stone Soup version 0.19-a0-1384-gbb462ca (webtiles) character file.

6809 Kidiri the Thaumaturge (level 10, -2/56 HPs)
             Began as a Deep Elf Fire Elementalist on Sept 3, 2016.
             Was an Elder of Vehumet.
             Shot with a bolt by an orc warrior (31 damage)
             ... in a bailey.
             The game lasted 00:40:54 (14116 turns).

Kidiri the Thaumaturge (DEFE)                      Turns: 14116, Time: 00:40:54

Health: -2/56      AC:  9    Str:  9    XL:     10   Next: 77%
Magic:  18/24      EV: 15    Int: 24    God:    Vehumet [****..]
Gold:   343        SH:  0    Dex: 17    Spells: 9 memorised, 8 levels left

rFire  . . .     SeeInvis .     e - +3 dagger
rCold  . . .     Gourm    .     F - +2 leather armour of Contentment {rCorr Str+4 Stlth-}
rNeg   . . .     Faith    .     (no shield)
rPois  .         Spirit   .     v - +0 helmet
rElec  .         Dismiss  .     q - +0 cloak
rCorr  +         Reflect  .     (no gloves)
MR     ++...     Harm     .     C - +0 pair of boots
Stlth  ++........               (no amulet)
                                h - ring of resist corrosion
                                p - ring of stealth

@: no status effects
A: thin metallic scales 1, agile 1, blurry vision 1, deformed body, low mp 1,
magic resistance 1, screaming 1, wild magic 1
a: Renounce Religion


You were in a bailey.
You worshipped Vehumet.
Vehumet was greatly pleased with you.
You were very full.

You visited 2 branches of the dungeon, and saw 12 of its levels.
You also visited: Bailey.

You collected 367 gold pieces.
You spent 24 gold pieces at shops.

Inventory:

Hand Weapons
 e - a +3 dagger (weapon)
 B - a +1 dagger of freezing
Armour
 a - a +1 robe
 q - a +0 cloak (worn)
 v - a +0 helmet (worn)
 y - a +0 shield
 C - a +0 pair of boots (worn)
 F - the +2 leather armour of Contentment (worn) {rCorr Str+4 Stlth-}
   (You found it on level 9 of the Dungeon)

   It affects your strength (+4).
   It protects you from acid and corrosion.
   It makes you less stealthy.
 H - a +0 buckler
Jewellery
 h - a ring of resist corrosion (right hand)
 p - a ring of stealth (left hand)
Wands
 d - a wand of iceblast (7/15)
 l - a wand of flame (16/48)
 n - a wand of enslavement (14/24)
 w - a wand of flame (27/48)
 x - a wand of random effects (26/48)
Scrolls
 g - 3 scrolls of remove curse
 i - 4 scrolls of teleportation
 k - 2 scrolls of fog
 z - a scroll of immolation
 A - a scroll of magic mapping
 D - a scroll of recharging
Potions
 f - a potion of brilliance
 j - 5 potions of flight
 m - a potion of berserk rage
 r - 2 potions of lignification
 t - 2 potions of curing
Books
 b - a book of Flames

   Spells                             Type                      Level
   a - Flame Tongue                   Conjuration/Fire             1
   b - Throw Flame                    Conjuration/Fire             2
   c - Conjure Flame                  Conjuration/Fire             3
   d - Inner Flame                    Hexes/Fire                   3
   e - Sticky Flame                   Conjuration/Fire             4
   f - Fireball                       Conjuration/Fire             5
 E - a book of Misfortune

   Spells                             Type                      Level
   a - Confusing Touch                Hexes                        1
   b - Confuse                        Hexes                        3
   c - Gell's Gravitas                Hexes/Translocation          3
   d - Petrify                        Transmutation/Earth          4
   e - Metabolic Englaciation         Hexes/Ice                    5
   f - Yara's Violent Unravelling     Hexes/Transmutation          5
Comestibles
 c - 6 bread rations
 o - 4 royal jellies
 u - 9 meat rations


   Skills:
 + Level 3.0 Fighting
 + Level 3.2 Short Blades
 + Level 3.1 Armour
 + Level 5.4 Dodging
 - Level 2.4 Stealth
 + Level 3.0 Shields
 * Level 11.3 Spellcasting
 + Level 6.9 Conjurations
 + Level 7.5 Fire Magic
 + Level 3.1 Ice Magic
 + Level 3.8 Air Magic
 + Level 1.6 Earth Magic
 + Level 4.1 Evocations


You had 8 spell levels left.
You knew the following spells:

 Your Spells              Type           Power        Failure   Level  Hunger
a - Flame Tongue          Conj/Fire      #####        1%          1    None
b - Throw Flame           Conj/Fire      ######       1%          2    None
c - Conjure Flame         Conj/Fire      ######..     1%          3    None
d - Inner Flame           Hex/Fire       #####...     2%          3    None
e - Sticky Flame          Conj/Fire      ######..     1%          4    None
f - Fireball              Conj/Fire      ######....   4%          5    ####...
g - Shock                 Conj/Air       ####         1%          1    None
h - Freeze                Ice            ####         1%          1    None
i - Stone Arrow           Conj/Erth      #####.       1%          3    None


Dungeon Overview and Level Annotations

Branches:
Dungeon (11/15)            Temple (1/1) D:4            Lair (0/6) D:11
    Orc (0/2) D:11

Altars:
Ashenzari
Cheibriados
Dithmenos
Elyvilon
Fedhas
Gozag
Hepliaklqana
Kikubaaqudgha
Makhleb
Nemelex Xobeh
Okawaru
Qazlal
Ru
Sif Muna
Trog
Uskayaw
Vehumet
Xom
Yredelemnul
Zin
The Shining One

Shops:
D:4 :   D:5 }?*


Innate Abilities, Weirdness & Mutations

You are partially covered in thin metallic scales. (AC +2)
You are agile. (Dex +2)
Scrolls take you a little longer to read.
Armour fits poorly on your strangely shaped body.
Your magical capacity is low. (-10% MP)
You are resistant to hostile enchantments. (MR+)
You occasionally shout uncontrollably at your foes.
Your spells are a little harder to cast, but a little more powerful.


Message History

You start resting.
An orc warrior is nearby!
Casting: Throw Flame
Confirm with . or Enter, or press ? or * to list all spells.
Aiming: Throw Flame
Press: ? - help, Shift-Dir - straight line, f - orc warrior
Aim: an orc warrior, wielding an arbalest and wearing a ring mail (hasn't noticed you)
The puff of flame hits the orc warrior.
The orc warrior is lightly wounded.
The orc warrior shouts!
The orc warrior shoots a bolt.
The bolt hits you!!
Casting: Throw Flame
Confirm with . or Enter, or press ? or * to list all spells.
Aiming: Throw Flame
Press: ? - help, Shift-Dir - straight line, f/p - orc warrior
Aim: an orc warrior, wielding an arbalest and wearing a ring mail (lightly wounded)
The puff of flame misses the orc warrior.
The orc warrior shoots a bolt.
The bolt hits you!!
Ouch! That really hurt!
You die...

##≈......#
o#≈≈......#
≈§≈.......#
..........#
..........#
..........#
..........#
........∩.#
.......@.∩#
###########


You could see an orc warrior.

Vanquished Creatures
  A gargoyle (D:10)
  2 centaur skeletons (D:10)
  A troll (D:10)
  Sigmund (D:5)
  A vampire (D:10)
  3 hippogriffs
  A mottled dragon (D:11)
  3 water moccasins
  2 orc warriors
  2 ice beasts
  2 necrophages
  A sky beast (D:8)
  A phantom (D:8)
  A wasp (D:8)
  8 ogres
  5 centaurs
  4 crocodiles
  A big kobold (D:8)
  Blork the orc (D:4)
  6 giant frogs
  A gnoll sergeant (D:9)
  9 scorpions
  5 wights (D:8)
  2 howler monkeys
  7 jellies
  3 crimson imps
  A centaur zombie (D:8)
  6 orc wizards
  2 orc priests
  A giant frog skeleton (D:6)
  5 hounds
  2 iguanas
  4 worker ants
  Robin (D:4)
  A worker ant zombie (D:9)
  12 gnolls
  4 river rats (D:11)
  13 adders
  2 shadow imps
  5 oozes (D:8)
  2 adder zombies
  2 adder skeletons
  2 worms (D:5)
  2 dart slugs
  2 giant geckos
  25 orcs
  A ball python (D:3)
  3 giant cockroaches
  13 hobgoblins
  9 jackals
  4 quokkas
  13 bats
  6 giant newts
  14 goblins
  A jackal zombie (D:8)
  11 kobolds
  A quokka zombie (D:5)
  12 rats
256 creatures vanquished.

Notes
Turn   | Place    | Note
-------+----------+-------------------------------------------
     0 | D:1      | Kidiri the Deep Elf Fire Elementalist began the quest for the Orb.
     0 | D:1      | Reached XP level 1. HP: 10/10 MP: 6/6
   331 | D:1      | Reached XP level 2. HP: 15/15 MP: 2/8
   335 | D:1      | Learned a level 2 spell: Throw Flame
  1077 | D:2      | Found an opulent altar of Gozag.
  1105 | D:2      | Reached skill level 4 in Spellcasting
  1105 | D:2      | Reached XP level 3. HP: 15/19 MP: 7/10
  1110 | D:2      | Learned a level 3 spell: Conjure Flame
  1114 | D:2      | Learned a level 3 spell: Inner Flame
  2363 | D:3      | Reached XP level 4. HP: 24/24 MP: 9/12
  3396 | D:3      | Reached skill level 5 in Spellcasting
  3751 | D:4      | Noticed an ogre
  3759 | D:4      | Learned a level 4 spell: Sticky Flame
  3761 | D:4      | Killed an ogre
  3761 | D:4      | Reached XP level 5. HP: 28/28 MP: 9/15
  3940 | D:4      | Found a staircase to the Ecumenical Temple.
  3949 | Temple   | Entered the Ecumenical Temple
  4177 | Temple   | Became a worshipper of Vehumet
  4255 | D:4      | Found Geazoo's Book Emporium.
  4344 | D:4      | Noticed Blork the orc
  4349 | D:4      | Killed Blork the orc
  4349 | D:4      | Reached skill level 6 in Spellcasting
  4349 | D:4      | Reached XP level 6. HP: 32/32 MP: 9/17
  4622 | D:4      | Noticed Robin
  4626 | D:4      | Killed Robin
  5305 | D:5      | Entered Level 5 of the Dungeon
  5323 | D:5      | Found Pyned Ybe's Magic Scroll Emporium.
  5335 | D:5      | Bought a scroll of identify for 24 gold pieces
  5403 | D:5      | Noticed an ice beast
  5408 | D:5      | Killed an ice beast
  5408 | D:5      | Reached skill level 5 in Fire Magic
  5529 | D:5      | Found Pioxtoqir's Gadget Boutique.
  5565 | D:5      | Found Taken's Assorted Antiques.
  5566 | D:5      | Noticed Sigmund
  5573 | D:5      | Killed Sigmund
  5573 | D:5      | Reached skill level 7 in Spellcasting
  5573 | D:5      | Reached XP level 7. HP: 29/36 MP: 12/20
  5793 | D:5      | Reached skill level 8 in Spellcasting
  6005 | D:5      | Learned a level 5 spell: Fireball
  6369 | D:5      | Reached skill level 5 in Conjurations
  6487 | D:5      | Reached skill level 9 in Spellcasting
  6487 | D:5      | Reached XP level 8. HP: 41/41 MP: 18/23
  6603 | D:5      | Found an iron altar of Okawaru.
  6660 | D:5      | Found a hide-covered altar of Uskayaw.
  6660 | D:5      | Found a burning altar of Makhleb.
  6913 | D:6      | Reached * piety under Vehumet
  6913 | D:6      | Offered knowledge of Shock by Vehumet.
  6916 | D:6      | Learned a level 1 spell: Shock
  7028 | D:6      | Reached skill level 1 in Short Blades
  7173 | D:6      | Reached skill level 1 in Shields
  7174 | D:6      | Reached skill level 1 in Fighting
  7520 | D:6      | Reached skill level 1 in Evocations
  7582 | D:6      | Found a bloodstained altar of Trog.
  7600 | D:6      | Reached skill level 1 in Armour
  7600 | D:6      | Reached skill level 1 in Air Magic
  8439 | D:7      | Found a sacrificial altar of Ru.
  8956 | D:8      | Reached ** piety under Vehumet
  8956 | D:8      | Offered knowledge of Freeze by Vehumet.
  9012 | D:8      | Learned a level 1 spell: Freeze
  9023 | D:8      | Reached XP level 9. HP: 19/48 MP: 15/24
  9276 | D:8      | Reached skill level 10 in Spellcasting
  9285 | D:8      | Reached skill level 1 in Ice Magic
  9729 | D:8      | Gained mutation: Scrolls take you a little longer to read. [mutagenic meat]
  9732 | D:8      | Gained mutation: Your magical capacity is low. (-10% MP) [mutagenic meat]
  9735 | D:8      | Gained mutation: You are resistant to hostile enchantments. (MR+) [mutagenic meat]
  9738 | D:8      | Gained mutation: You are frail. (-10% HP) [mutagenic meat]
  9741 | D:8      | Gained mutation: You are agile. (Dex +2) [mutagenic meat]
  9848 | D:8      | Gained mutation: Your mind is acute. (Int +2) [potion of mutation]
  9853 | D:8      | Gained mutation: You are partially covered in thin metallic scales. (AC +2) [potion of beneficial mutation]
 10064 | D:8      | Offered knowledge of Dazzling Spray by Vehumet.
 10683 | D:9      | Reached *** piety under Vehumet
 10683 | D:9      | Reached XP level 10. HP: 48/48 MP: 24/24
 10850 | D:9      | Found a sparkling altar of Nemelex Xobeh.
 11324 | D:9      | Found a shadowy altar of Dithmenos.
 11879 | D:9      | Got a pitted leather armour
 11890 | D:9      | Identified the +2 leather armour of Contentment {rCorr Str+4 Stlth-} (You found it on level 9 of the Dungeon)
 11901 | D:9      | Offered knowledge of Stone Arrow by Vehumet.
 11906 | D:9      | Learned a level 3 spell: Stone Arrow
 12043 | D:10     | Entered Level 10 of the Dungeon
 12092 | D:10     | Noticed a gargoyle
 12657 | D:10     | Reached skill level 5 in Dodging
 12674 | D:10     | Reached skill level 11 in Spellcasting
 12674 | D:10     | Reached skill level 1 in Earth Magic
 13031 | D:10     | Gained mutation: Armour fits poorly on your strangely shaped body. [potion of mutation]
 13031 | D:10     | Gained mutation: Your spells are a little harder to cast, but a little more powerful. [potion of mutation]
 13453 | D:10     | Reached **** piety under Vehumet
 13482 | D:10     | Killed a gargoyle
 13726 | D:11     | Offered knowledge of Static Discharge by Vehumet.
 13834 | D:11     | Found a flagged portal.
 13847 | Bailey   | Entered a bailey
 13848 | Bailey   | Gained mutation: You occasionally shout uncontrollably at your foes. [potion of mutation]
 13848 | Bailey   | Lost mutation: Your mind is acute. (Int +2) [potion of mutation]
 13848 | Bailey   | Lost mutation: You are frail. (-10% HP) [potion of mutation]
 14116 | Bailey   | Shot with a bolt by an orc warrior

Vault maps used:
D:1:      eino_arrival_cavern_b
D:2:      marbit_many_paths
D:4:      first_bread, serial_shops, shop_statue, solitary_fountain,
          uniq_blork_the_orc, uniq_robin
D:5:      gammafunk_temple_overflow_wave, serial_shops, shop, shop, shop,
          okawaru_ov_weapons_minmay, uniq_sigmund
D:6:      kennysheep_mini
D:7:      nicolae_ru_path_of_blood
D:8:      hangedman_little_slice_of_home
D:9:      kennysheep_little_box, lemuel_round_altar, minmay_variable_closet,
          kennysheep_generic_room_12
D:11:     grunt_lair_entry_orc_guard_hut, hiddenorc1_lemuel, serial_glass,
          glass_columns_a, glass_columns_b, glass_columns_b, glass_columns_c,
          glass_columns_b, glass_columns_a, glass_columns_a, glass_columns_b,
          glass_columns_c, glass_columns_a, basic_altar, enter_bailey_1
Temple:   minmay_temple_curvy_branch
Bailey:   bailey_polearm_2, bailey

Skill      XL: |  1  2  3  4  5  6  7  8  9 10 |
---------------+-------------------------------+-----
Conjurations   | 2 3 4 5 6 |  6.9
Spellcasting   | 4 5 6 7 9 10 11 | 11.3
Fire Magic     | 4 5 6 7 |  7.5
Short Blades   | 1 2 3 |  3.2
Shields        | 1 2 3 |  3.0
Fighting       | 1 2 3 |  3.0
Evocations     | 2 3 4 |  4.1
Armour         | 1 2 3 |  3.1
Dodging        | 3 4 5 |  5.4
Air Magic      | 1 3 |  3.8
Ice Magic      | 2 3 |  3.1
Earth Magic    | 1 |  1.6
Stealth        | |  2.4

Action                   |  1- 3 |  4- 6 |  7- 9 | 10-12 || total
-------------------------+-------+-------+-------+-------++-------
Melee: Dagger            |    14 |     9 |    54 |    35 ||   112
 Cast: Flame Tongue      |    46 |    61 |   189 |   107 ||   403
       Throw Flame       |     1 |     6 |    36 |    17 ||    60
       Conjure Flame     |       |     4 |     9 |     1 ||    14
       Sticky Flame      |       |     2 |    17 |    26 ||    45
       Inner Flame       |       |     2 |    10 |       ||    12
       Shock             |       |       |     7 |       ||     7
       Fireball          |       |       |     4 |     1 ||     5
       Freeze            |       |       |       |     5 ||     5
       Stone Arrow       |       |       |       |     1 ||     1
  Use: Scroll            |       |    15 |     3 |     5 ||    23
       Potion            |       |     1 |     7 |     2 ||    10
 Stab: Sleeping          |     4 |     4 |     4 |     4 ||    16
       Distracted        |       |       |     1 |       ||     1
  Eat: Chunk             |     4 |    10 |    11 |     2 ||    27
       Fruit             |       |       |     4 |     1 ||     5
       Pizza             |       |       |     2 |     2 ||     4
       Royal jelly       |       |       |     3 |     5 ||     8
       Beef jerky        |       |       |       |     1 ||     1
Armor: Robe              |     5 |     5 |    23 |     7 ||    40
       Leather armour    |       |       |       |    32 ||    32
Dodge: Dodged            |    25 |    24 |    72 |   102 ||   223
